[Event "FIDE Open Sachove Univerzity QCC"]
[Site "Ceske Budejovice"]
[Date "2020.07.01"]
[Round "1.17"]
[White "Valasek, Jakub"]
[Black "Klimes, Roman"]
[Result "1-0"]
[ECO "C44"]
[WhiteElo "1688"]
[BlackElo "1349"]
[Annotator "NA"]
[PlyCount "65"]
[EventDate "2020.07.01"]
[EventType "swiss"]
[EventCountry "CZE"]
[SourceTitle "playchess.com"]
[Source "ChessBase"]
[SourceQuality "1"]
[TimeControl "40/5400+30:1800+30"]

1. e4 e5 2. Nf3 Nc6 3. d4 exd4 4. Bc4 Bb4+ 5. c3 dxc3 6. bxc3 Bc5 7. Bxf7+ Kxf7 8. Qd5+ Ke8 9. Qxc5 d6 10. Qe3 Be6 11. O-O Qf6 12. Nd4 Nge7 13. Nxe6 Qxe6 14. Nd2 Kd7 15. Bb2 Rad8 16. f4 g6 17. a3 Kc8 18. c4 Rhf8 19. Bc3 b6 20. Qd3 Rf7 21. Rf3 Rdf8 22. Raf1 Qg4 23. Qe3 Nd8 24. h3 Qh4 25. Kh2 Ne6 26. g3 Qh5 27. g4 Qc5 28. f5 Qxe3 29. Rxe3 gxf5 30. exf5 Nc5 31. Bd4 Nd7 32. Ne4 d5 33. Ng5 1-0

[Event "FIDE Open Sachove Univerzity QCC"]
[Site "Ceske Budejovice"]
[Date "2020.07.01"]
[Round "1.18"]
[White "Dobsa, Emma"]
[Black "Macho, Miloslav"]
[Result "0-1"]
[ECO "B06"]
[WhiteElo "1345"]
[BlackElo "1671"]
[Annotator "NA"]
[PlyCount "40"]
[EventDate "2020.07.01"]
[EventType "swiss"]
[EventCountry "CZE"]
[SourceTitle "playchess.com"]
[Source "ChessBase"]
[SourceQuality "1"]
[TimeControl "40/5400+30:1800+30"]

1. e4 g6 2. d4 d6 3. Nc3 Bg7 4. f4 a6 5. Nf3 b5 6. Be3 b4 7. Ne2 Nf6 8. e5 Nd5 9. Bf2 O-O 10. Ng3 Nxf4 11. Qd2 dxe5 12. Qxb4 Nc6 13. Qd2 Bg4 14. Be2 Nxg2+ 15. Kf1 Nf4 16. h3 Nxe2 17. hxg4 Nxg3+ 18. Bxg3 Qd5 19. Kf2 e4 20. Ng5 e3+ 0-1

[Event "FIDE Open Sachove Univerzity QCC"]
[Site "Ceske Budejovice"]
[Date "2020.07.01"]
[Round "1.19"]
[White "Kanka, Lukas"]
[Black "Vojtek, Pavel"]
[Result "0-1"]
[ECO "E76"]
[WhiteElo "1667"]
[BlackElo "1292"]
[Annotator "NA RC"]
[PlyCount "88"]
[EventDate "2020.07.01"]
[EventType "swiss"]
[EventCountry "CZE"]
[SourceTitle "playchess.com"]
[Source "ChessBase"]
[SourceQuality "1"]
[TimeControl "40/5400+30:1800+30"]

1. d4 Nf6 2. c4 d6 3. Nc3 g6 4. e4 Bg7 5. f4 O-O 6. Nf3 e5 7. dxe5 dxe5 8. Qxd8 Rxd8 9. Nxe5 Re8 10. Bd3 Nxe4 11. Bxe4 f6 12. Nxg6 f5 13. Ne5 fxe4 14. O-O Bf5 15. g4 Bxe5 16. fxe5 Bg6 17. Nd5 Rxe5 18. Bh6 Nd7 19. Bf4 c6 20. Bxe5 cxd5 21. Bc3 dxc4 22. Rad1 Nc5 23. Rd5 b6 24. h4 Re8 25. h5 Bf7 26. Rdf5 Re7 27. g5 Ne6 28. h6 Bh5 29. Rf6 Bf3 30. Bb4 Re8 31. Bd2 Nc5 32. g6 hxg6 33. Rxg6+ Kh7 34. Rg7+ Kh8 35. Rxa7 Rg8+ 36. Kh2 Rg2+ 37. Kh3 Rxd2 38. Rg1 Rd7 39. Ra8+ Kh7 40. Kh4 e3 41. Re8 e2 42. Rg3 Rd4+ 43. Kg5 Re4 44. Rf8 Ne6+ 0-1

[Event "FIDE Open Sachove Univerzity QCC"]
[Site "Ceske Budejovice"]
[Date "2020.07.01"]
[Round "1.20"]
[White "Policar, Martin"]
[Black "Josko, Jiri"]
[Result "0-1"]
[ECO "B01"]
[WhiteElo "1258"]
[BlackElo "1649"]
[Annotator "NA"]
[PlyCount "78"]
[EventDate "2020.07.01"]
[EventType "swiss"]
[EventCountry "CZE"]
[SourceTitle "playchess.com"]
[Source "ChessBase"]
[SourceQuality "1"]
[TimeControl "40/5400+30:1800+30"]

1. e4 d5 2. exd5 Nf6 3. Nf3 Nxd5 4. Bc4 Bf5 5. O-O e6 6. d4 Nc6 7. Nc3 Bb4 8. Nxd5 exd5 9. Qe2+ Qe7 10. Qxe7+ Nxe7 11. Bb3 O-O 12. c3 Bd6 13. Bg5 f6 14. Bh4 c6 15. Rfe1 Rae8 16. Rac1 b5 17. Bc2 Bf4 18. Bxf5 Nxf5 19. Rcd1 a5 20. b4 a4 21. a3 Nd6 22. Bg3 Bxg3 23. fxg3 Nc4 24. Ra1 Rxe1+ 25. Nxe1 Re8 26. Nd3 Re3 27. Nc5 Rxc3 28. Nb7 Rxa3 29. Re1 Re3 30. Ra1 a3 31. Na5 Nxa5 32. bxa5 b4 33. a6 Re7 34. Kf2 Ra7 35. Ke2 Rxa6 36. Kd2 b3 37. Kc3 b2 38. Re1 Rb6 39. Kc2 a2 0-1

[Event "FIDE Open Sachove Univerzity QCC"]
[Site "Ceske Budejovice"]
[Date "2020.07.01"]
[Round "1.21"]
[White "Smola, David"]
[Black "Dobsinsky, Petr"]
[Result "0-1"]
[ECO "B72"]
[WhiteElo "1649"]
[BlackElo "1248"]
[Annotator "NA"]
[PlyCount "54"]
[EventDate "2020.07.01"]
[EventType "swiss"]
[EventCountry "CZE"]
[SourceTitle "playchess.com"]
[Source "ChessBase"]
[SourceQuality "1"]
[TimeControl "40/5400+30:1800+30"]

1. e4 c5 2. Nf3 g6 3. d4 cxd4 4. Nxd4 Bg7 5. Be3 Nc6 6. Bc4 d6 7. Nc3 Nf6 8. f3 O-O 9. O-O e5 10. Ndb5 Ne8 11. Bd5 a6 12. Na3 Nf6 13. Bg5 Qb6+ 14. Kh1 Qxb2 15. Bxf6 Bxf6 16. Nab1 Nd4 17. Rf2 Qxa1 18. Qc1 Nb5 19. Nxb5 axb5 20. c3 Be6 21. Bxb7 Rxa2 22. Rf1 Ra7 23. Bc6 Ba2 24. Bxb5 Qxb1 25. Qxb1 Bxb1 26. Rxb1 Rb8 27. c4 Rba8 0-1

[Event "FIDE Open Sachove Univerzity QCC"]
[Site "Ceske Budejovice"]
[Date "2020.07.01"]
[Round "1.22"]
[White "Gorej, Jan"]
[Black "Matlocha, Lubomir"]
[Result "0-1"]
[ECO "A40"]
[WhiteElo "1247"]
[BlackElo "1646"]
[Annotator "NA"]
[PlyCount "46"]
[EventDate "2020.07.01"]
[EventType "swiss"]
[EventCountry "CZE"]
[SourceTitle "playchess.com"]
[Source "ChessBase"]
[SourceQuality "1"]
[TimeControl "40/5400+30:1800+30"]

1. d4 c6 2. c4 g6 3. e4 Bg7 4. Bf4 d6 5. Nf3 Nd7 6. Nbd2 Ngf6 7. Bd3 Nh5 8. Be3 O-O 9. Qc2 c5 10. d5 a6 11. O-O Rb8 12. Nh4 Nb6 13. f4 e5 14. dxe6 Qxh4 15. Nf3 Qe7 16. f5 gxf5 17. exf5 fxe6 18. g4 exf5 19. gxh5 Qxe3+ 20. Kh1 Kh8 21. Rae1 Qh6 22. Re7 Bf6 23. Re2 Bd7 0-1

[Event "FIDE Open Sachove Univerzity QCC"]
[Site "Ceske Budejovice"]
[Date "2020.07.01"]
[Round "1.23"]
[White "Veverka, Vladimir"]
[Black "Komarek, Tobias"]
[Result "1-0"]
[ECO "D35"]
[WhiteElo "1644"]
[BlackElo "1246"]
[Annotator "NA"]
[PlyCount "139"]
[EventDate "2020.07.01"]
[EventType "swiss"]
[EventCountry "CZE"]
[SourceTitle "playchess.com"]
[Source "ChessBase"]
[SourceQuality "1"]
[TimeControl "40/5400+30:1800+30"]

1. d4 d5 2. c4 e6 3. Nc3 Nf6 4. cxd5 exd5 5. Bg5 Be7 6. e3 h6 7. Bf4 a6 8. Qc2 Nc6 9. a3 Be6 10. Bd3 Qd7 11. Nge2 O-O 12. O-O Rac8 13. Na4 b5 14. Nac3 Ra8 15. Nxb5 axb5 16. Bxb5 Nxd4 17. Nxd4 Qc8 18. Qxc7 Qxc7 19. Bxc7 Ne8 20. Nxe6 fxe6 21. Be5 Bf6 22. Bxf6 Nxf6 23. Rfb1 Rab8 24. Bd3 Ng4 25. b4 Nxf2 26. Be2 Ne4 27. Rf1 Rxf1+ 28. Rxf1 Ra8 29. Ra1 g5 30. b5 e5 31. Bf3 Nc3 32. Rc1 Rxa3 33. b6 Rb3 34. b7 e4 35. Rxc3 Rb1+ 36. Kf2 Rb2+ 37. Be2 Rxb7 38. Rc5 Rd7 39. Bg4 Rd6 40. Bc8 Kf7 41. Bb7 Ke6 42. Rc6 Rxc6 43. Bxc6 Ke5 44. Kg3 d4 45. exd4+ Kxd4 46. Kg4 e3 47. Bb5 Ke4 48. Kh5 Kf4 49. Be2 g4 50. Bxg4 Ke5 51. Kxh6 Kf4 52. Be2 Ke4 53. Kg6 Kf4 54. g3+ Ke4 55. h4 Kd4 56. h5 Kc3 57. h6 Kd2 58. Ba6 e2 59. Bxe2 Kxe2 60. g4 Kf3 61. g5 Ke4 62. h7 Ke5 63. Kf7 Kf5 64. g6 Kg5 65. g7 Kf5 66. g8=Q Ke5 67. h8=Q+ Ke4 68. Qg5 Kf3 69. Qc3+ Ke4 70. Qge5# 1-0

[Event "FIDE Open Sachove Univerzity QCC"]
[Site "Ceske Budejovice"]
[Date "2020.07.01"]
[Round "1.24"]
[White "Jilek, Pavel"]
[Black "Zelbova, Lada"]
[Result "0-1"]
[ECO "B20"]
[WhiteElo "1234"]
[BlackElo "1637"]
[Annotator "NA"]
[PlyCount "78"]
[EventDate "2020.07.01"]
[EventType "swiss"]
[EventCountry "CZE"]
[SourceTitle "playchess.com"]
[Source "ChessBase"]
[SourceQuality "1"]
[TimeControl "40/5400+30:1800+30"]

1. e4 c5 2. Bc4 e6 3. b3 d5 4. Bd3 Nc6 5. Bb2 Nf6 6. e5 Nd7 7. Nf3 Qc7 8. Qe2 d4 9. Bb5 a6 10. Bxc6 Qxc6 11. d3 Be7 12. Nbd2 O-O 13. Qe4 Qc7 14. O-O Rb8 15. c3 dxc3 16. Bxc3 b5 17. a3 Bb7 18. Qe2 Nb6 19. Ba5 Qc6 20. Bxb6 Qxb6 21. Ne4 Rbc8 22. Qe3 Qc7 23. Rac1 Bd5 24. Nd6 Bxd6 25. exd6 Qxd6 26. b4 cxb4 27. Qe5 Qxe5 28. Nxe5 bxa3 29. Nd7 Rfd8 30. Nb6 Rxc1 31. Rxc1 h6 32. Kf1 b4 33. Ra1 Rb8 34. Nd7 Rb5 35. d4 b3 36. Nc5 b2 37. Rxa3 b1=Q+ 38. Ke2 Rb2+ 39. Ke3 Qc1+ 0-1

[Event "FIDE Open Sachove Univerzity QCC"]
[Site "Ceske Budejovice"]
[Date "2020.07.01"]
[Round "1.25"]
[White "Cipera, Josef"]
[Black "Predota, Vit"]
[Result "1/2-1/2"]
[ECO "D00"]
[WhiteElo "1612"]
[BlackElo "1233"]
[Annotator "NA"]
[PlyCount "116"]
[EventDate "2020.07.01"]
[EventType "swiss"]
[EventCountry "CZE"]
[SourceTitle "playchess.com"]
[Source "ChessBase"]
[SourceQuality "1"]
[TimeControl "40/5400+30:1800+30"]

1. d4 d5 2. Bf4 Nc6 3. e3 Nf6 4. c3 Bf5 5. Bd3 Bxd3 6. Qxd3 Qd7 7. h3 e6 8. Nf3 Nh5 9. Bh2 Bd6 10. Ne5 Bxe5 11. dxe5 f6 12. g4 fxe5 13. gxh5 O-O 14. Qe2 d4 15. exd4 exd4 16. Be5 Qd5 17. Rg1 Qxe5 18. Rg4 dxc3 19. Nxc3 Qxe2+ 20. Kxe2 Rf5 21. Rag1 Rxh5 22. Rxg7+ Kh8 23. Rxc7 Rxh3 24. Rxb7 Nd4+ 25. Kd1 Rd8 26. Rf1 Nb5+ 27. Kc2 Nxc3 28. bxc3 Rc8 29. Rb3 a5 30. Re1 Rc6 31. Rg1 h5 32. Rd1 Rf3 33. Rd7 Rxf2+ 34. Kd3 Rc8 35. Rbb7 h4 36. Rh7+ Kg8 37. Rxh4 Rf3+ 38. Kd2 Rfxc3 39. Ra4 R3c5 40. Ra7 e5 41. R4xa5 Rxa5 42. Rxa5 e4 43. Ke3 Re8 44. a4 Kf8 45. Rd5 Re7 46. Rd4 Re5 47. Rxe4 Rxe4+ 48. Kxe4 Ke8 49. Ke5 Kd7 50. Kd5 Kc7 51. Kc5 Kb7 52. a5 Kb8 53. Kb6 Kc8 54. Ka7 Kc7 55. Ka8 Kc8 56. a6 Kc7 57. Ka7 Kc8 58. Kb6 Kb8 1/2-1/2

[Event "FIDE Open Sachove Univerzity QCC"]
[Site "Ceske Budejovice"]
[Date "2020.07.01"]
[Round "1.26"]
[White "Berkovec, Jakub"]
[Black "Jodas, Daniel"]
[Result "0-1"]
[ECO "B83"]
[WhiteElo "1224"]
[BlackElo "1608"]
[Annotator "NA"]
[PlyCount "82"]
[EventDate "2020.07.01"]
[EventType "swiss"]
[EventCountry "CZE"]
[SourceTitle "playchess.com"]
[Source "ChessBase"]
[SourceQuality "1"]
[TimeControl "40/5400+30:1800+30"]

1. e4 c5 2. Nf3 e6 3. d4 cxd4 4. Nxd4 d6 5. Nc3 Bd7 6. Be3 Nc6 7. Be2 Be7 8. Qd2 Nf6 9. O-O O-O 10. Rad1 a6 11. f4 Nxd4 12. Bxd4 Bc6 13. e5 dxe5 14. Bxe5 Qb6+ 15. Bd4 Bc5 16. Bxc5 Qxc5+ 17. Qd4 Qf5 18. Bd3 Qg4 19. Ne4 Nxe4 20. Bxe4 Rac8 21. Bxc6 Rxc6 22. c3 h6 23. g3 Rfc8 24. Qd7 b5 25. Rd6 R6c7 26. Qxc8+ Rxc8 27. Rxa6 Rd8 28. Rb6 Qe2 29. Rf2 Rd1+ 30. Kg2 Qe4+ 31. Kh3 Rg1 32. Rxb5 Qg6 33. Rg2 Rf1 34. Rd2 h5 35. Rg5 Qh6 36. a4 f6 37. Rc5 Qg6 38. Kg2 Rxf4 39. Rc8+ Kh7 40. Rdd8 Qe4+ 41. Kh3 Rh4+ 0-1

[Event "FIDE Open Sachove Univerzity QCC"]
[Site "Ceske Budejovice"]
[Date "2020.07.01"]
[Round "1.27"]
[White "Vavrousek, Petr"]
[Black "Stavova, Marketa"]
[Result "1-0"]
[ECO "C68"]
[WhiteElo "1605"]
[BlackElo "1219"]
[Annotator "NA"]
[PlyCount "110"]
[EventDate "2020.07.01"]
[EventType "swiss"]
[EventCountry "CZE"]
[SourceTitle "playchess.com"]
[Source "ChessBase"]
[SourceQuality "1"]
[TimeControl "40/5400+30:1800+30"]

1. e4 e5 2. Nf3 Nc6 3. Bb5 a6 4. Bxc6 dxc6 5. O-O Bg4 6. h3 h5 7. d3 Bxf3 8. Qxf3 f6 9. Nd2 Qd7 10. Nc4 g5 11. Ne3 Qh7 12. Qf5 Qh6 13. Qe6+ Ne7 14. Nf5 Qh7 15. Qxf6 g4 16. h4 Ng6 17. Qe6+ Ne7 18. Bg5 Rg8 19. Qxe5 O-O-O 20. Nxe7+ Bxe7 21. Qxe7 Qxe7 22. Bxe7 Rd7 23. Bf6 Rf8 24. Be5 Re7 25. Bg3 Ref7 26. Rae1 Kd7 27. d4 Ke6 28. d5+ cxd5 29. exd5+ Kxd5 30. Re5+ Kc6 31. Rxh5 Rd8 32. Rh6+ Kb5 33. Rg6 Rd2 34. Rc1 Rd4 35. h5 Rh7 36. h6 Rdd7 37. Be5 Rd8 38. Bg7 Rg8 39. a4+ Kxa4 40. Rxg4+ Kb5 41. Rf4 Kc6 42. Re1 Kd5 43. Re7 Kd6 44. Rff7 Rc8 45. Be5+ Kd5 46. Rxh7 c6 47. Bc3 b5 48. Rh8 Rxh8 49. Bxh8 Kd6 50. Re1 c5 51. Bg7 Kc6 52. h7 Kb6 53. h8=Q Ka5 54. Qd8+ Kb4 55. Bc3+ Ka4 1-0

[Event "FIDE Open Sachove Univerzity QCC"]
[Site "Ceske Budejovice"]
[Date "2020.07.01"]
[Round "1.28"]
[White "Postl, Frantisek"]
[Black "Frnoch, Vojtech"]
[Result "0-1"]
[ECO "C10"]
[WhiteElo "1188"]
[BlackElo "1597"]
[Annotator "NA"]
[PlyCount "47"]
[EventDate "2020.07.01"]
[EventType "swiss"]
[EventCountry "CZE"]
[SourceTitle "playchess.com"]
[Source "ChessBase"]
[SourceQuality "1"]
[TimeControl "40/5400+30:1800+30"]

1. e4 e6 2. d4 d5 3. Nc3 c5 4. Nf3 Nc6 5. dxc5 Bxc5 6. Bg5 Be7 7. exd5 exd5 8. Nxd5 Bxg5 9. Nxg5 h6 10. Nf3 Be6 11. Bc4 Nge7 12. Nxe7 Bxc4 13. Qxd8+ Rxd8 14. Nxc6 bxc6 15. Rd1 O-O 16. Rxd8 Rxd8 17. Nd2 Re8+ 18. Kd1 Be2+ 19. Kc1 Bh5 20. Rg1 Re2 21. f3 Bg6 22. h4 f5 23. g4 fxg4 24. Rxg4 0-1

[Event "FIDE Open Sachove Univerzity QCC"]
[Site "Ceske Budejovice"]
[Date "2020.07.01"]
[Round "1.29"]
[White "Tajovsky, Simon"]
[Black "Skalicky, Jindrich"]
[Result "1-0"]
[ECO "D27"]
[WhiteElo "1594"]
[BlackElo "1165"]
[Annotator "NA"]
[PlyCount "79"]
[EventDate "2020.07.01"]
[EventType "swiss"]
[EventCountry "CZE"]
[SourceTitle "playchess.com"]
[Source "ChessBase"]
[SourceQuality "1"]
[TimeControl "40/5400+30:1800+30"]

1. d4 d5 2. c4 dxc4 3. e3 Nf6 4. Nc3 a6 5. Bxc4 e6 6. Nf3 c5 7. O-O Nc6 8. d5 exd5 9. Nxd5 Nxd5 10. Bxd5 Be7 11. e4 O-O 12. Be3 Qc7 13. Rc1 Nd8 14. Qc2 Be6 15. Rfd1 Rc8 16. Ng5 Bxg5 17. Bxg5 b6 18. b4 Bxd5 19. exd5 Re8 20. bxc5 bxc5 21. Qa4 Kf8 22. d6 Qc6 23. Qxc6 Rxc6 24. d7 Re7 25. Bxe7+ Kxe7 26. Rd2 Re6 27. g3 Rc6 28. f4 Rd6 29. Rcd1 Rxd2 30. Rxd2 Nb7 31. Kf2 Nd6 32. Rxd6 Kd8 33. Ke3 g6 34. Kd3 h5 35. Kc4 h4 36. Kxc5 hxg3 37. hxg3 a5 38. Kc6 a4 39. Rd1 a3 40. Re1 1-0

[Event "FIDE Open Sachove Univerzity QCC"]
[Site "Ceske Budejovice"]
[Date "2020.07.02"]
[Round "2.1"]
[White "Roubal, Matyas"]
[Black "Bara, Jan"]
[Result "0-1"]
[ECO "B30"]
[WhiteElo "1443"]
[BlackElo "1128"]
[Annotator "NA"]
[PlyCount "170"]
[EventDate "2020.07.01"]
[EventType "swiss"]
[EventCountry "CZE"]
[SourceTitle "playchess.com"]
[Source "ChessBase"]
[SourceQuality "1"]
[TimeControl "40/5400+30:1800+30"]

1. e4 c5 2. Nf3 Nc6 3. Bb5 e6 4. O-O Nf6 5. d3 Be7 6. Nc3 O-O 7. Re1 d5 8. exd5 exd5 9. Bxc6 bxc6 10. Bg5 Re8 11. Qd2 Bf5 12. Re2 Qd7 13. Ne5 Qd6 14. Rae1 Rac8 15. h3 Be6 16. Bf4 Qd8 17. Nf3 Bd6 18. Bxd6 Qxd6 19. Ng5 Bd7 20. Rxe8+ Rxe8 21. Rf1 h6 22. Nf3 Nh5 23. Ne2 Qf6 24. Nh2 Qxb2 25. Nc3 Qb8 26. f4 Qd6 27. Ng4 Bxg4 28. hxg4 Nf6 29. g5 hxg5 30. fxg5 Ng4 31. Qf4 Qxf4 32. Rxf4 Re1+ 33. Rf1 Rxf1+ 34. Kxf1 Ne3+ 35. Kf2 Nxc2 36. Na4 Nb4 37. Nxc5 Nxa2 38. Nd7 a5 39. Ke2 a4 40. Kd2 a3 41. Nc5 Nb4 42. Kc3 a2 43. Nb3 c5 44. Na1 Kh7 45. d4 Na6 46. dxc5 Nxc5 47. Kd4 Ne6+ 48. Kxd5 Nxg5 49. Kc4 Kg6 50. Kb3 Kf5 51. Kxa2 Kg4 52. Nc2 Kg3 53. Ne3 g6 54. Kb3 Kf2 55. Ng4+ Kxg2 56. Ne5 Kg3 57. Kc4 Kf4 58. Kd5 Kf5 59. Nd3 Ne6 60. Ne5 f6 61. Nf7 Nc7+ 62. Kd4 Kf4 63. Kd3 Kf3 64. Kd2 Kf2 65. Kd3 g5 66. Nh6 Kf3 67. Kd2 Nd5 68. Nf5 g4 69. Ke1 Ne3 70. Nd4+ Kg2 71. Ke2 Nf1 72. Ne6 g3 73. Nd4 Kh1 74. Kf3 g2 75. Ne2 Nd2+ 76. Ke3 Nf1+ 77. Kf2 f5 78. Ng1 Nd2 79. Ne2 Ne4+ 80. Kf3 g1=Q 81. Nxg1 Kxg1 82. Kf4 Nd6 83. Ke5 Kf2 84. Kf4 Kg2 85. Ke5 Kg3 0-1

[Event "FIDE Open Sachove Univerzity QCC"]
[Site "Ceske Budejovice"]
[Date "2020.07.02"]
[Round "2.2"]
[White "Hlavsa, Filip"]
[Black "Vavrousek, Petr"]
[Result "1/2-1/2"]
[ECO "C00"]
[WhiteElo "1886"]
[BlackElo "1605"]
[Annotator "NA"]
[PlyCount "81"]
[EventDate "2020.07.01"]
[EventType "swiss"]
[EventCountry "CZE"]
[SourceTitle "playchess.com"]
[Source "ChessBase"]
[SourceQuality "1"]
[TimeControl "40/5400+30:1800+30"]

1. e4 e6 2. Nf3 d5 3. e5 c5 4. b4 cxb4 5. d4 Nc6 6. a3 bxa3 7. c3 Bd7 8. Bd3 Be7 {[%emt 0:01:36] C00: French: Unusual White 2nd moves.} 9. O-O Rc8 {[%emt 0:02:04] [#]} 10. Re1 $146 ({Predecessor:} 10. Nxa3 a6 11. Nb1 Na5 12. Bg5 Nc4 13. Bxe7 Nxe7 14. Ng5 Ng6 15. Qh5 h6 16. Nxf7 Kxf7 17. Bxg6+ Kf8 18. Qf3+ Qf6 19. exf6 {1-0 (19) Gerlach,F-Langmann,M Bendorf 2006}) 10... Na5 11. Nxa3 a6 12. Bd2 Bxa3 13. Rxa3 Nc4 14. Bxc4 Rxc4 15. h4 Qc8 16. h5 Ne7 ({Black should try} 16... h6 $15) 17. h6 gxh6 18. Nh2 Nf5 19. Ng4 Ke7 (19... Kd8 $11) 20. Nf6 Qf8 (20... Kd8 $14) 21. Qh5 (21. g4 $18 Ng7 22. Bxh6) 21... Qg7 22. Kh2 Kd8 23. g4 Ne7 24. Bxh6 Qg6 25. Qh3 Ng8 26. Bf4 Nxf6 27. exf6 Qc2 28. Qe3 Rg8 29. Bg3 $15 Qe4 30. Qxe4 dxe4 31. Rb1 Bc8 32. Kh3 Kd7 33. Be5 b5 34. Kh4 Bb7 35. Kh5 Rgc8 36. Kh6 Rxc3 37. Rxc3 Rxc3 38. Kg7 Ke8 39. g5 e3 40. fxe3 Be4 41. Re1 1/2-1/2

[Event "FIDE Open Sachove Univerzity QCC"]
[Site "Ceske Budejovice"]
[Date "2020.07.02"]
[Round "2.2"]
[White "Skalicky, Jindrich"]
[Black "Kroulik, Vaclav"]
[Result "0-1"]
[ECO "A60"]
[WhiteElo "1165"]
[BlackElo "1442"]
[Annotator "NA"]
[PlyCount "84"]
[EventDate "2020.07.01"]
[EventType "swiss"]
[EventCountry "CZE"]
[SourceTitle "playchess.com"]
[Source "ChessBase"]
[SourceQuality "1"]
[TimeControl "40/5400+30:1800+30"]

1. d4 Nf6 2. c4 c5 3. d5 e6 4. dxe6 fxe6 5. Nf3 d5 6. cxd5 exd5 7. g3 Nc6 8. Bg2 Be7 9. O-O O-O 10. Nbd2 Bf5 11. b3 Nb4 12. Bb2 Rc8 13. a3 Na6 14. Rc1 b5 15. Re1 c4 16. bxc4 dxc4 17. Bxf6 Bxf6 18. Nf1 Qxd1 19. Rexd1 Bb2 20. Ne5 Nc5 21. Bd5+ Ne6 22. Bxe6+ Bxe6 23. Rb1 Bxe5 24. Rxb5 Bf6 25. Rb7 c3 26. Ne3 Rf7 27. Rxf7 Kxf7 28. Rc1 Be7 29. Rc2 Bb3 30. Rc1 Bxa3 31. Ra1 Bc5 32. h4 Bxe3 33. fxe3 c2 34. Rc1 Rd8 35. Kf2 Rd1 36. Rxc2 Bxc2 37. Kf3 a5 38. Kg4 a4 39. h5 a3 40. Kg5 a2 41. h6 gxh6+ 42. Kxh6 a1=B 0-1

[Event "FIDE Open Sachove Univerzity QCC"]
[Site "Ceske Budejovice"]
[Date "2020.07.02"]
[Round "2.3"]
[White "Veselsky, Jan"]
[Black "Svanda, Adam"]
[Result "0-1"]
[ECO "E13"]
[WhiteElo "1580"]
[BlackElo "1870"]
[Annotator "NA"]
[PlyCount "66"]
[EventDate "2020.07.01"]
[EventType "swiss"]
[EventCountry "CZE"]
[SourceTitle "playchess.com"]
[Source "ChessBase"]
[SourceQuality "1"]
[TimeControl "40/5400+30:1800+30"]

1. d4 Nf6 2. c4 e6 3. Nc3 Bb4 4. Nf3 b6 5. Bg5 O-O 6. e3 Bb7 7. Bd3 d6 8. O-O Bxc3 9. bxc3 Nbd7 10. Rc1 {[%emt 0:06:40] E13: Queen's Indian/Nimzo-Indian hybrid: 4 Nc3 Bb7 5 Bg5 h6 6 Bh4 Bb4.} h6 11. Bh4 {[%emt 0:00:06] [#]} e5 $146 ({Predecessor:} 11... g5 12. Nxg5 hxg5 13. Bxg5 Kg7 14. e4 Rh8 15. f4 Qg8 16. e5 Ne4 17. Qf3 Qh7 18. Bxe4 Bxe4 {0-1 (36) Ashwath,R (2365)-Schoppen,C (2493) Dieren 2019}) 12. Bb1 Qe8 13. Re1 Ne4 14. Nd2 Nxd2 15. Qxd2 f5 16. f3 (16. f4 $11) 16... Qf7 (16... e4 $17 17. fxe4 Bxe4) 17. Qd3 (17. e4 $11 {keeps the balance.}) 17... Ba6 18. a3 Bxc4 19. Qc2 Kh8 20. e4 f4 21. Bf2 g5 22. d5 a5 23. Ba2 Bxa2 24. Qxa2 h5 25. Qb2 Rg8 26. c4 g4 27. Qc3 Nf6 28. Rf1 $19 Qg6 29. Rce1 Qg5 30. Rb1 Rg7 31. Qe1 g3 32. hxg3 fxg3 33. Bxb6 Qh4 0-1

[Event "FIDE Open Sachove Univerzity QCC"]
[Site "Ceske Budejovice"]
[Date "2020.07.02"]
[Round "2.3"]
[White "Motejzik, Jaroslav"]
[Black "Day, Sophia Olivia"]
[Result "0-1"]
[ECO "D00"]
[WhiteElo "1396"]
[BlackElo "1099"]
[Annotator "NA"]
[PlyCount "54"]
[EventDate "2020.07.01"]
[EventType "swiss"]
[EventCountry "CZE"]
[SourceTitle "playchess.com"]
[Source "ChessBase"]
[SourceQuality "1"]
[TimeControl "40/5400+30:1800+30"]

1. d4 d5 2. Bf4 e6 3. e3 Nf6 4. Nf3 Be7 5. Be2 O-O 6. c3 b6 7. h3 c5 8. O-O Nc6 9. Bb5 Bb7 10. Ne5 Nxe5 11. Bxe5 a6 12. Ba4 b5 13. Bc2 Bd6 14. f4 Ne4 15. Nd2 f5 16. Nxe4 fxe4 17. Qg4 Bxe5 18. Qxe6+ Kh8 19. Qxe5 Qh4 20. Qc7 Bc8 21. Rf2 cxd4 22. cxd4 Qg3 23. Re1 Bxh3 24. Ree2 Bg4 25. Re1 Rac8 26. Qd6 Rf6 27. Qe7 Rh6 0-1

[Event "FIDE Open Sachove Univerzity QCC"]
[Site "Ceske Budejovice"]
[Date "2020.07.02"]
[Round "2.4"]
[White "Titera, Libor"]
[Black "Tajovsky, Simon"]
[Result "1-0"]
[ECO "B38"]
[WhiteElo "1843"]
[BlackElo "1594"]
[Annotator "NA"]
[PlyCount "63"]
[EventDate "2020.07.01"]
[EventType "swiss"]
[EventCountry "CZE"]
[SourceTitle "playchess.com"]
[Source "ChessBase"]
[SourceQuality "1"]
[TimeControl "40/5400+30:1800+30"]

1. e4 c5 2. Nf3 Nc6 3. d4 cxd4 4. Nxd4 g6 5. c4 Bg7 6. Be3 Nf6 7. Nc3 O-O 8. Be2 d6 9. O-O Bd7 10. Kh1 Nxd4 11. Bxd4 Bc6 {[%emt 0:01:20] B38: Sicilian: Maroczy Bind with 5...Bg7 and 7...0-0.} 12. Qd3 a5 13. f4 Nd7 14. Bxg7 (14. Rae1 ) 14... Kxg7 15. Rae1 {[%emt 0:06:58] [#]} Kg8 $146 ({Predecessor:} 15... Qb6 16. Bg4 Nf6 17. Bf3 Qxb2 18. e5 dxe5 19. fxe5 Ne8 20. Bxc6 bxc6 21. Rb1 Qa3 {1-0 (29) Krasenkow,M (2604)-Cajbel,M (2222) Wroclaw 2012}) 16. Bf3 Qc7 17. Qe3 Rad8 18. Bg4 Nc5 19. f5 Qb6 {[%emt 0:08:22] [#]} 20. Qh6 $1 Qxb2 21. Nd5 Bxd5 22. exd5 Rfe8 23. fxg6 hxg6 {[%emt 0:00:13] [#]} 24. Rxf7 $18 Kxf7 25. Qh7+ Kf8 26. Rf1+ Qf6 27. Rxf6+ exf6 28. h4 f5 29. Bf3 Re5 30. Qxg6 Ke7 31. Qg7+ Ke8 32. Bh5# 1-0

[Event "FIDE Open Sachove Univerzity QCC"]
[Site "Ceske Budejovice"]
[Date "2020.07.02"]
[Round "2.4"]
[White "Zezula, Matej"]
[Black "Gorej, Vojtech"]
[Result "0-1"]
[ECO "C01"]
[WhiteElo "1125"]
[BlackElo "1395"]
[Annotator "NA"]
[PlyCount "84"]
[EventDate "2020.07.01"]
[EventType "swiss"]
[EventCountry "CZE"]
[SourceTitle "playchess.com"]
[Source "ChessBase"]
[SourceQuality "1"]
[TimeControl "40/5400+30:1800+30"]

1. e4 e6 2. d4 d5 3. exd5 exd5 4. c4 dxc4 5. Bxc4 Bb4+ 6. Nc3 Qe7+ 7. Be3 Nf6 8. Nf3 O-O 9. O-O Bg4 10. h3 Bf5 11. Bg5 c6 12. Re1 Qd6 13. Re5 Bg6 14. Bxf6 Qxf6 15. Bd3 Nd7 16. Rg5 h6 17. Rxg6 fxg6 18. Qb3+ Kh7 19. Qxb4 b6 20. Ne4 Qd8 21. Qd6 Nf6 22. Nxf6+ Rxf6 23. Qg3 Qd6 24. Qh4 Qf4 25. Qxf4 Rxf4 26. Ne5 Rf6 27. Rc1 Rc8 28. Be4 c5 29. Nxg6 Rxg6 30. Bxg6+ Kxg6 31. dxc5 Rxc5 32. Rxc5 bxc5 33. Kf1 Kf5 34. Ke1 Ke4 35. Ke2 c4 36. Kd2 Kd4 37. Kc2 a5 38. a3 a4 39. Kd2 g5 40. g4 Ke4 41. b4 cxb3 42. Kc3 Kf3 0-1